 Dungeon Crawl Stone Soup version 0.31-a0-788-ga445dbd2db (webtiles) character file.

Game seed: 12835401142469417778

70647 CrazyBamboolord the Warrior (level 15, -3/129 HPs)
             Began as a Formicid Fighter on Sept 18, 2023.
             Was a High Priest of Okawaru.
             Engulfed by a cloud of poison gas (5 damage)
             ... on level 3 of the Abyss.
             The game lasted 00:45:51 (25633 turns).

CrazyBamboolord the Warrior (Formicid Fighter)     Turns: 25633, Time: 00:45:52

Health: -3/129     AC: 25    Str: 31    XL:     15   Next: 79%
Magic:  22/22      EV: 13    Int:  7    God:    Okawaru [*****.]
Gold:   1152       SH:  0    Dex: 16    Spells: 14/14 levels left

rFire   + + .        b - +6 trident of Disharmony {freeze, Drain rCorr Dex+3}
rCold   . . .        f - +0 tower shield of Ythrodota {Str+5 Int-3}
rNeg    . . .        T - +1 chain mail {rF+}
rPois   .            (helmet unavailable)
rElec   .            u - +2 cloak
rCorr   +            a - +2 pair of gloves
SInv    +            v - +2 pair of boots
Will    +....        y - amulet of the acrobat Stlth
                     l - ring of protection from fire
HPRegen 0.41/turn    x - +5 ring of evasion
MPRegen 0.18/turn

%: acrobat
@: confused, lethally poisoned (-3 -> -61), ambrosia-drunk
A: permanent stasis, dig shafts and tunnels, antennae 3, four strong arms
a: Dig, Shaft Self, Renounce Religion, Heroism, Finesse, Duel


You were on level 3 of the Abyss.
You worshipped Okawaru.
Okawaru was extremely pleased with you.
You visited 4 branches of the dungeon, and saw 20 of its levels.
You visited the Abyss 1 time.
You also visited: Sewer.

You collected 1451 gold pieces.
You spent 299 gold pieces at shops.

Inventory:

Hand Weapons
 b - the +6 trident of Disharmony (weapon) {freeze, Drain rCorr Dex+3}
   (You found it on level 10 of the Dungeon)

   Dex+3:     It affects your dexterity (+3).
   rCorr:     It protects you from acid and corrosion.
   Drain:     It drains your maximum health when unequipped.
 g - a +3 trident of draining
 K - a +2 vampiric lajatang
Missiles
 e - 3 throwing nets
Armour
 a - a +2 pair of gloves (worn)
 f - the +0 tower shield of Ythrodota (worn) {Str+5 Int-3}
   (Okawaru gifted it to you on level 4 of the Lair of Beasts)

   Str+5:     It affects your strength (+5).
   Int-3:     It affects your intelligence (-3).
 u - a +2 cloak (worn)
 v - a +2 pair of boots (worn)
 Q - the -1 cloak of the Lute {rElec}
   (Okawaru gifted it to you on level 5 of the Lair of Beasts)

   rElec:     It insulates you from electricity.
 T - a +1 chain mail of fire resistance (worn)
Jewellery
 l - a ring of protection from fire (left hand)
 x - a +5 ring of evasion (right hand)
 y - an amulet of the acrobat (around neck)
 L - a ring of positive energy
 S - a ring of flight
Wands
 t - a wand of digging (8)
 C - a wand of iceblast (12)
 D - a wand of polymorph (20)
 H - a wand of flame (16)
 O - a wand of quicksilver (6)
Scrolls
 d - 4 scrolls of immolation
 m - 2 scrolls of torment
 o - 4 scrolls of noise
 r - 3 scrolls of fog
 s - 2 scrolls of fear
 w - 2 scrolls of amnesia {unknown}
 E - 2 scrolls of revelation
 I - 2 scrolls of summoning {unknown}
 J - 2 scrolls of brand weapon {unknown}
 M - a scroll of vulnerability {unknown}
 N - 4 scrolls of poison {unknown}
Potions
 h - 2 potions of resistance {unknown}
 i - a potion of magic {unknown}
 j - 8 potions of cancellation
 k - 3 potions of degeneration {unknown}
 n - 5 potions of brilliance
 p - 4 potions of mutation
 q - a potion of attraction {unknown}
 z - a potion of berserk rage {unknown}
 A - 2 potions of lignification {unknown}
 B - 2 potions of might
 G - a potion of invisibility
 P - a potion of enlightenment {unknown}


   Skills:
 * Level 15.3 Fighting
 * Level 13.9 Polearms
 * Level 15.2 Armour
 + Level 13.5 Shields
 + Level 10.0 Invocations


You had 14 spell levels left.
You didn't know any spells.
Your spell library contained the following spells:

 Spells                   Type           Power      Damage    Failure   Level
 Apportation              Tloc           0%         N/A       95%         1
 Kiss of Death            Conj/Necr      0%         2d5       95%         1
 Sandblast                Erth           0%         2d4       95%         1
 Shock                    Conj/Air       0%         1d3       95%         1
 Ensorcelled Hibernation  Hex/Ice        0%         N/A       99%         2
 Jinxbite                 Hex            0%         N/A       99%         2
 Lesser Beckoning         Tloc           0%         N/A       99%         2
 Passwall                 Tmut/Erth      0%         N/A       99%         2
 Scorch                   Fire           0%         2d5       99%         2
 Confusing Touch          Hex            0%         N/A       100%        3
 Gell's Gravitas          Tloc           0%         N/A       100%        3
 Stone Arrow              Conj/Erth      0%         3d7       100%        3
 Teleport Other           Tloc           0%         N/A       100%        3
 Airstrike                Air            0%         2d(0-16)  100%        4
 Brom's Barrelling Bould  Conj/Erth      0%         2d3       100%        4
 Dimensional Bullseye     Hex/Tloc       0%         N/A       100%        4
 Dispel Undead            Necr           0%         3d6       100%        4
 Flame Wave               Conj/Fire      0%         2d4       100%        4
 Iskenderun's Mystic Bla  Conj/Tloc      0%         2d3       100%        4
 Leda's Liquefaction      Hex/Erth       0%         N/A       100%        4
 Alistair's Intoxication  Tmut/Pois      0%         N/A       100%        5
 Lee's Rapid Deconstruct  Erth           0%         3d4*      100%        5
 Dispersal                Tloc           0%         N/A       100%        6
 Leda's Unmaking          Conj/Erth      0%         9d1       100%        6
 Swiftness                Air            Unusable   N/A       N/A         3
 Tukima's Dance           Hex            Unusable   N/A       N/A         3
 Summon Cactus Giant      Summ           Unusable   N/A       N/A         6

Dungeon Overview and Level Annotations

Branches:
Dungeon (12/15)            Temple (1/1) D:6            Lair (5/5) D:9
  Swamp (0/4) Lair:2       Spider (0/4) Lair:3        Slime (0/5) Lair:4
    Orc (2/2) D:12            Elf (0/3) Orc:2         Sewer (visited)

Altars:
Ashenzari
Cheibriados
Dithmenos
Elyvilon
Fedhas
Gozag
Hepliaklqana
Kikubaaqudgha
Makhleb
Nemelex Xobeh
Okawaru
Qazlal
Ru
Sif Muna
Trog
Uskayaw
Vehumet
Wu Jian
Xom
Yredelemnul
Zin
The Shining One
Jiyva

Shops:
D:4 *   Orc:2 !((((

Annotations:
Lair:1 2 runed translucent doors, Gifimai's ghost, journeyman DgSh
Orc:2 Donald


Innate Abilities, Weirdness & Mutations

You cannot be hasted, slowed, berserked, paralysed or teleported.
You can dig through walls and to a lower floor.
You have a pair of large antennae on your head. (SInv)
Your four strong arms can wield two-handed weapons with a shield.


Message History

The green death hits you!
* * * LOW HITPOINT WARNING * * *
Unknown command.
You puncture the green death! You freeze the green death.
The green death is severely wounded.
The green death gestures at you. The blast of poison misses you.
Unknown command.
You hit the green death. You freeze the green death.
The green death is severely wounded.
You are engulfed in poison gas.
You are poisoned.
* * * LOW HITPOINT WARNING * * *
You feel very sick.
Unknown command.
You puncture the green death! You freeze the green death.
You kill the green death!
Okawaru accepts your kill.
You are engulfed in poison gas.
You are lethally poisoned!
* * * LOW HITPOINT WARNING * * *
x2 You feel very sick.
You are confused.
You feel invigorated.
You are engulfed in poison gas.
You are more poisoned.
* * * LOW HITPOINT WARNING * * *
x2 You feel extremely sick.
The smoke demon is engulfed in blazing flames.
A large abomination comes into view.
The efreet hits you but does no damage.
Unknown command.
You closely miss the efreet.
You are engulfed in poison gas.
You are more poisoned.
* * * LOW HITPOINT WARNING * * *
x2 You feel extremely sick.
Unknown command.
Okay, then.
You completely miss the efreet.
You are engulfed in poison gas.
You are more poisoned.
You die...

.# .# .°
..#...
#...#X..°...#
.. # ........
# .. .
##○°○......#..
.°#.###.#..#
#....☼#.#.##.#
.##.#☼°°##3°.#
..##○○R##....#
#.# ####@# # #
# ###


You could see a large abomination, a smoke demon and an efreet.

Vanquished Creatures
  Kirke (Lair:4)
  Nessos (Orc:2)
  A green death (Abyss:3)
  Fannar (D:10)
  4 boulder beetles
  6 hydras
  3 two-headed ogres
  2 catoblepae
  6 orc high priests
  A deep troll shaman (Lair:5)
  3 death yaks (Lair:5)
  A deep troll earth mage (Arena)
  Urug (D:11)
  The ghost of Essalna the Destroyer, a novice DsCj of Vehumet (D:12)
  Sonja (D:11)
  A fire crab (D:9)
  A skyshark (Lair:4)
  A sixfirhy (Abyss:3)
  A skeletal warrior (D:11)
  The ghost of PotatoSalad1221 the Grappler, a novice DrSh of Trog (D:6)
  A flayed ghost (Abyss:3)
  A wizard (D:11)
  Pikel (D:6)
  8 orc knights
  An orc sorcerer (Orc:2)
  A cyclops (D:12)
  An ugly thing (D:10)
  5 elephants (Lair:5)
  5 mutant beasts (D:9)
  3 black mambas
  An eye of devastation (Lair:4)
  3 cane toads
  Maggie (D:7)
  A large abomination (Abyss:3)
  A rime drake (Lair:5)
  8 komodo dragons
  An unseen horror (D:12)
  2 kobold demonologists
  Jeremiah (D:6)
  A freezing wraith (D:11)
  3 trolls
  A tyrant leech (Lair:2)
  3 polar bears
  A hornet (D:10)
  Grinder (D:5)
  Prince Ribbit (D:7)
  18 blink frogs
  7 dream sheep (Lair:5)
  A shadow (D:12)
  A vampire (D:11)
  7 wyverns
  7 basilisks
  4 hogs (Lair:4)
  A wraith (D:11)
  A human (Lair:4)
  A steam dragon (D:7)
  76 yaks
  3 wargs
  3 swamp worms (Lair:2)
  5 vampire mosquitoes
  An acid dragon (D:10)
  A harpy simulacrum (Abyss:3)
  A floating eye (Lair:4)
  27 orc warriors
  13 water moccasins
  An ice beast (D:5)
  6 black bears
  9 wolves (Lair:5)
  4 centaurs
  3 ogres
  A phantom (D:5)
  6 kobold brigands
  10 bullfrogs
  6 necrophages
  Blork the orc (D:4)
  A scorpion (D:6)
  9 wights (D:8)
  16 killer bees
  5 howler monkeys
  2 electric eels (Lair:3)
  3 jellies
  A gnoll bouda (D:8)
  5 hounds
  33 orc priests
  Crazy Yiuf (D:4)
  16 orc wizards
  A sleepcap (D:6)
  3 iguanas
  12 gnolls
  7 adders
  7 river rats
  2 shadow imps (D:6)
  3 white imps
  2 ufetubi (D:7)
  3 worms
  A dart slug (D:3)
  73 orcs
  17 ball pythons
  8 endoplasms
  3 giant cockroaches
  9 goblins
  7 hobgoblins
  4 jackals (D:2)
  44 kobolds
  4 quokkas
  5 bats
  8 frilled lizards
  29 rats
664 creatures vanquished.

Vanquished Creatures (others)
  A death yak (Lair:5)
  An orc wizard (Orc:2)
2 creatures vanquished.

Grand Total: 666 creatures vanquished

Notes
Turn   | Place    | Note
-------+----------+-------------------------------------------
     0 | D:1      | CrazyBamboolord the Formicid Fighter began the quest for
                  | the Orb.
     0 | D:1      | Reached XP level 1. HP: 18/18 MP: 1/1
   279 | D:1      | Reached XP level 2. HP: 24/24 MP: 2/2
   527 | D:1      | Reached XP level 3. HP: 30/30 MP: 3/3
  1097 | D:2      | Reached XP level 4. HP: 27/37 MP: 4/4
  1172 | D:2      | Identified the +7 short sword of Tension {drain, rElec
                  | Dex+3}
  1253 | D:2      | Found a glowing golden altar of the Shining One.
  1638 | D:3      | Reached XP level 5. HP: 42/42 MP: 5/5
  1645 | D:3      | Found a glowing drain.
  1673 | Sewer    | Entered a sewer
  2010 | Sewer    | Reached XP level 6. HP: 42/49 MP: 6/6
  2049 | Sewer    | Reached skill level 5 in Shields
  2185 | Sewer    | Reached skill level 5 in Fighting
  2587 | D:3      | Found a hazy altar of Hepliaklqana.
  2858 | D:3      | Reached skill level 5 in Armour
  2858 | D:3      | Reached XP level 7. HP: 16/42 MP: 7/7
  2997 | D:3      | Found a glowing golden altar of the Shining One.
  3011 | D:3      | Found an ornate altar of the Wu Jian Council.
  3483 | D:4      | Noticed Blork the orc
  3496 | D:4      | Killed Blork the orc
  3747 | D:4      | Reached XP level 8. HP: 59/64 MP: 8/8
  4018 | D:4      | Identified the +9 sling of the Everdark {antimagic, rC+ rN+
                  | Dex+2}
  4078 | D:4      | Found Gozag's Platinum Reserve.
  4080 | D:4      | Found an opulent altar of Gozag.
  4436 | D:4      | Found a runed translucent door.
  4437 | D:4      | Noticed Crazy Yiuf
  4446 | D:4      | Killed Crazy Yiuf
  4514 | D:5      | Entered Level 5 of the Dungeon
  4706 | D:5      | Noticed Grinder
  4716 | D:5      | Killed Grinder
  4717 | D:5      | Reached skill level 5 in Polearms
  5479 | D:6      | Reached XP level 9. HP: 52/72 MP: 9/9
  5584 | D:6      | Noticed Jeremiah
  5608 | D:6      | Killed Jeremiah
  5825 | D:6      | Found an ancient bone altar of Kikubaaqudgha.
  5834 | D:6      | Found a sparkling altar of Nemelex Xobeh.
  5853 | D:6      | Found a runed translucent gate.
  5855 | D:6      | Found a runed translucent gate.
  5855 | D:6      | Found a runed translucent gate.
  5880 | D:6      | Noticed Pikel
  5882 | D:6      | Noticed PotatoSalad1221's ghost (novice DrSh)
  5909 | D:6      | Killed Pikel
  5991 | D:6      | Found a staircase to the Ecumenical Temple.
  6003 | Temple   | Entered the Ecumenical Temple
  6014 | Temple   | Became a worshipper of Warmaster Okawaru
  6283 | D:6      | Found a shadowy altar of Dithmenos.
  6556 | D:7      | Reached skill level 1 in Invocations
  6735 | D:7      | Reached * piety under Okawaru
  6736 | D:7      | Reached XP level 10. HP: 81/81 MP: 9/11
  6782 | D:7      | Noticed Maggie
  6830 | D:7      | Killed Maggie
  7013 | D:7      | Noticed Prince Ribbit
  7023 | D:7      | Killed Prince Ribbit
  7276 | D:7      | Reached ** piety under Okawaru
  7489 | D:8      | Found a snail-covered altar of Cheibriados.
  8235 | D:8      | Found a broken altar of Ashenzari.
  9061 | D:9      | Reached *** piety under Okawaru
  9255 | D:9      | Reached XP level 11. HP: 84/89 MP: 13/13
  9775 | D:9      | Found a staircase to the Lair.
  9776 | D:9      | Noticed a fire crab
  9789 | D:9      | Killed a fire crab
  9790 | D:9      | Reached skill level 10 in Fighting
  9898 | D:9      | Noticed a juvenile fireweird beast
  9899 | D:9      | Reached skill level 10 in Armour
  9907 | D:9      | Killed a juvenile fireweird beast
  9907 | D:9      | Reached **** piety under Okawaru
 10438 | D:10     | Entered Level 10 of the Dungeon
 10944 | D:9      | Reached skill level 5 in Invocations
 10968 | D:10     | Reached ***** piety under Okawaru
 10971 | D:10     | Noticed an ice dragon
 11024 | D:10     | Noticed a two-headed ogre
 11037 | D:10     | Killed a two-headed ogre
 11329 | D:10     | Noticed Fannar
 11365 | D:10     | HP: 2/92 [Fannar/staff of cold (15)]
 11371 | D:10     | Killed Fannar
 11371 | D:10     | Received a gift from Okawaru
 11372 | D:10     | Reached XP level 12. HP: 12/99 MP: 14/16
 11695 | D:10     | Identified the +6 trident of Disharmony {freeze, Drain
                  | rCorr Dex+3}
 11829 | D:11     | Noticed Urug
 11841 | D:11     | Killed Urug
 11842 | D:11     | Reached skill level 10 in Shields
 12000 | D:11     | Noticed Sonja
 12016 | D:11     | Killed Sonja
 12353 | D:11     | Noticed a skeletal warrior
 12388 | D:10     | Reached skill level 10 in Polearms
 12933 | Lair:1   | Entered Level 1 of the Lair of Beasts
 13002 | Lair:1   | Noticed a boulder beetle
 13790 | Lair:1   | Killed a boulder beetle
 13885 | Lair:1   | Received a gift from Okawaru
 13906 | Lair:1   | HP: 5/102 [yak (6)]
 14604 | Lair:1   | Found a large runed translucent door.
 14604 | Lair:1   | Found a large runed translucent door.
 14608 | Lair:1   | Noticed Gifimai's ghost (journeyman DgSh)
 14915 | D:6      | Killed PotatoSalad1221's ghost
 14916 | D:6      | Reached XP level 13. HP: 92/108 MP: 18/18
 16043 | Lair:2   | Noticed a six-headed hydra
 16044 | Lair:2   | Noticed a five-headed hydra
 16060 | Lair:2   | Killed a six-headed hydra
 16079 | Lair:2   | Killed a five-headed hydra
 16079 | Lair:2   | Received a gift from Okawaru
 16478 | Lair:2   | Found a staircase to the Swamp.
 17225 | Lair:3   | Identified the +5 ring mail of Ullaidam {Will- Int-4 Dex+6
                  | Stlth+}
 17361 | Lair:3   | Noticed a catoblepas
 17391 | Lair:3   | Killed a catoblepas
 17518 | Lair:3   | Found a hole to the Spider Nest.
 17930 | Lair:4   | Noticed Kirke
 17963 | Lair:4   | Killed Kirke
 18381 | Lair:4   | Identified the +0 tower shield of Ythrodota {Str+5 Int-3}
                  | (Okawaru gifted it to you on level 4 of the Lair of Beasts)
 18381 | Lair:4   | Received a gift from Okawaru
 18382 | Lair:4   | Reached XP level 14. HP: 104/118 MP: 20/20
 18395 | Lair:4   | Found a viscous altar of Jiyva.
 18395 | Lair:4   | Found a staircase to the Slime Pits.
 19080 | Lair:5   | Entered Level 5 of the Lair of Beasts
 19624 | Lair:5   | Identified the +1 robe of True Grit {rElec Regen+}
 20440 | Lair:5   | Reached ****** piety under Okawaru
 20494 | Lair:5   | Identified the -1 cloak of the Lute {rElec} (Okawaru gifted
                  | it to you on level 5 of the Lair of Beasts)
 20494 | Lair:5   | Received a gift from Okawaru
 20581 | Lair:5   | Identified the +6 morningstar of Terror {freeze, rF+}
 21337 | D:11     | Reached XP level 15. HP: 112/127 MP: 21/21
 21788 | D:12     | Noticed Essalna's ghost (novice DsCj)
 21797 | D:12     | Found a runed translucent gate.
 21797 | D:12     | Found a runed translucent gate.
 21797 | D:12     | Found a runed translucent gate.
 21853 | D:12     | Killed Essalna's ghost
 21865 | Arena    | Entered the Arena
 22317 | D:12     | Found a staircase to the Orcish Mines.
 22895 | Orc:1    | Entered Level 1 of the Orcish Mines
 23125 | Orc:2    | Entered Level 2 of the Orcish Mines
 23752 | Orc:2    | Noticed Nessos
 23771 | Orc:2    | Found Faivoskir's Weapon Boutique.
 23790 | Orc:2    | Killed Nessos
 24066 | Orc:2    | Found a staircase to the Elven Halls.
 24227 | Arena    | Entered the Arena
 24253 | Arena    | Entered the Arena
 24262 | Arena    | Reached skill level 15 in Fighting
 24410 | Orc:2    | Reached skill level 15 in Armour
 24692 | Arena    | Entered the Arena
 24714 | Arena    | Entered the Arena
 25405 | Orc:2    | Found Zekhlush's Antique Weapon Emporium.
 25406 | Orc:2    | Found Yntury's Weapon Shoppe.
 25406 | Orc:2    | Found Uzxewazo's Weapon Emporium.
 25407 | Orc:2    | Found Kuareh's Distillery.
 25420 | Orc:2    | Bought a potion of might for 52 gold pieces
 25420 | Orc:2    | Bought a potion of cancellation for 104 gold pieces
 25420 | Orc:2    | Bought a potion of curing for 39 gold pieces
 25420 | Orc:2    | Bought a potion of invisibility for 104 gold pieces
 25527 | Orc:2    | Reached skill level 10 in Invocations
 25539 | Orc:2    | Noticed Donald
 25551 | Abyss:3  | Cast into level 3 of the Abyss (Donald)
 25599 | Abyss:3  | Noticed a cacodemon
 25632 | Abyss:3  | HP: 2/129 [poison (poison gas)]
 25633 | Abyss:3  | Engulfed by a cloud of poison gas

Illustrated notes

Levels and vault maps discovered:
D:1:      elethiomel_arrival_maze, layout_basic, minmay_vboxes
D:2:      layout_rooms, basic_altar, chequers_serial_rivers_micro_c,
          kennysheep_potato
D:3:      layout_rooms, grunt_temple_overflow_open, nzn_hepliaklqana_mist_gate,
          cheibrodos_sewer_entry_sluice
D:4:      layout_loops_ring, nicolae_gozag_zags_fifth_avenue, serial_glass,
          glass_columns_c, glass_columns_c, feat_on_display,
          due_unseen_surprise, minmay_misc_feat_diagonals,
          uniq_crazy_yiuf_cottage, uniq_blork_the_orc
D:5:      layout_gridville, uniq_grinder
D:6:      layout_cave_pools, mainiacjoe_overflow_large_starburst,
          general_overflow_altar, minmay_temple_entry_arrows,
          gammafunk_ghost_split, uniq_pikel, uniq_jeremiah
D:7:      layout_basic, uniq_prince_ribbit1, uniq_maggie
D:8:      layout_loops_ring, ashenzari_conservatory_becter,
          amcnicky_altar_gilded
D:9:      layout_stronghold, minmay_lair_entry_lava,
          chequers_serial_rivers_micro_c, chequers_serial_rivers_marsh,
          nicolae_beast_mode
D:10:     layout_basic, chequers_serial_rivers_micro_a, wad_dig_loot,
          uniq_fannar
D:11:     layout_small_grid, kennysheep_flooded_box, minmay_pinched_square,
          uniq_sonja, uniq_urug
D:12:     layout_loops_ring, hiddenorc1_lemuel, gammafunk_ghost_split
Temple:   nicolae_temple_god_jail
Lair:1:   layout_chaotic_city, ebering_ghost_disaster_area, serial_bayou_shore_b
Lair:2:   layout_chaotic_city, palyth_hydra_swamp_entry, roderic_carrion_pond,
          grunt_megastairs_4
Lair:3:   layout_cave_pods, spider_nest_entry_a, st_stairs_8,
          serial_bayou_shore_a, infiniplex_staircase_pool_2
Lair:4:   layout_regular_city, minmay_slime_entry_eyes, uniq_kirke
Lair:5:   grunt_lair_end_beastmaster, layout_misc_corridors,
          infiniplex_staircase_pool
Orc:1:    layout_caves, basic_altar, uniq_jorgrun
Orc:2:    st_orc_pillars, layout_diamond_mine, serial_shops,
          nicolae_shop_scrapyard, uniq_nessos, uniq_donald, uniq_maurice
Abyss:3:  base: Orc:2, hangedman_abyss_river_spirits

Skill      XL: |  1  2  3  4  5  6  7  8  9 10 11 12 13 14 15 |
---------------+----------------------------------------------+-----
Fighting       | 4 5 7 8 9 10 12 13 14 15 | 15.3
Armour         | 4 5 6 8 9 10 12 13 14 15 | 15.2
Polearms       | 3 4 5 7 8 9 10 11 13 | 13.9
Shields        | 5 6 7 8 9 10 11 12 13 | 13.5
Invocations    | 1 3 5 6 8 9 10 | 10.0

Action                     |  1- 3 |  4- 6 |  7- 9 | 10-12 | 13-15 || total
---------------------------+-------+-------+-------+-------+-------++-------
  Melee: Trident           |    92 |   294 |   196 |   350 |  1286 ||  2218
         Halberd           |       |       |   127 |   440 |    53 ||   620
 Invoke: Heroism           |       |       |       |     3 |     6 ||     9
         Finesse           |       |       |       |       |     3 ||     3
         Duel              |       |       |       |       |     5 ||     5
Ability: Dig               |       |     1 |     1 |     1 |     2 ||     5
  Evoke: Wand              |       |       |       |     9 |     3 ||    12
    Use: Scroll            |       |     4 |     3 |    10 |     5 ||    22
         Potion            |       |     2 |     2 |     8 |     6 ||    18
   Stab: Petrified         |       |       |       |       |    18 ||    18
         Petrifying        |       |       |       |       |     2 ||     2
 Armour: Scale mail        |    29 |   227 |    30 |       |       ||   286
         Chain mail        |       |       |    41 |       |   121 ||   162
         Ring mail         |       |       |   185 |   579 |   467 ||  1231
  Dodge: Dodged            |    29 |   140 |   164 |   370 |   437 ||  1140
  Block: Buckler           |    17 |    86 |    71 |   211 |    92 ||   477
         Tower shield      |       |       |       |       |   758 ||   758

Table legend: (Time is in decaauts)
 A = Elapsed time spent in this place.
 B = Non-inter-level travel time spent in this place.
 C = Inter-level travel time spent in this place.
 D = Time resting spent in this place.
 E = Time spent auto-exploring this place.
 F = Levels seen in this place.
 G = Mean time per level.
                   A        B        C        D        E       F      G
               +--------+--------+--------+--------+--------+-----+--------+
         Total |  25469 |  24283 |   1186 |   5585 |  13449 |  27 |  943.3 |
       Dungeon |  14565 |  13716 |    849 |   2604 |   8177 |  12 | 1213.8 |
        Temple |     20 |      2 |     18 |      0 |      0 |   1 |   20.0 |
          Lair |   7437 |   7136 |    301 |   1406 |   4351 |   5 | 1487.4 |
  Orcish Mines |   2463 |   2446 |     17 |   1460 |    457 |   2 | 1231.5 |
         Abyss |     74 |     74 |      0 |     28 |      0 |   1 |   74.0 |
         Sewer |    785 |    785 |      0 |      0 |    463 |   1 |  785.0 |
         Arena |    123 |    123 |      0 |     86 |      0 |   5 |   24.6 |
               +--------+--------+--------+--------+--------+-----+--------+

Top non-repeatable levels by time:
     D:9: 2531 daAuts
  Lair:4: 2007 daAuts
  Lair:1: 1966 daAuts
    D:11: 1548 daAuts
     D:8: 1364 daAuts
     D:4: 1237 daAuts
   Orc:1: 1236 daAuts
   Orc:2: 1227 daAuts
  Lair:3: 1213 daAuts
    D:10: 1182 daAuts
  Lair:5: 1181 daAuts
    D:12: 1071 daAuts
  Lair:2: 1067 daAuts
     D:6: 1065 daAuts
     D:1: 1054 daAuts
